 Dungeon Crawl Stone Soup version 0.29.1-13-g9f3cf754e1 (webtiles) character file.

Game seed: 17469685382518481064

2145 Kornephoros the Shield-Bearer (level 9, -1/80 HPs)
             Began as a Minotaur Fighter on Jan 25, 2023.
             Was a Believer of Okawaru.
             Killed from afar by an electric eel (8 damage)
             ... with a bolt of electricity
             ... on level 7 of the Dungeon.
             The game lasted 00:21:21 (8807 turns).

Kornephoros the Shield-Bearer (Minotaur Fighter)    Turns: 8807, Time: 00:21:21

Health: -1/80      AC: 12    Str: 25    XL:     9   Next: 9%
Magic:  10/10      EV: 11    Int:  5    God:    Okawaru [**....]
Gold:   206        SH:  9    Dex: 10    Spells: 8/8 levels left

rFire   . . .      SeeInvis .   a - +0 war axe
rCold   . . .      Faith    .   m - +0 kite shield
rNeg    . . .      Spirit   .   f - +0 chain mail
rPois   .          Reflect  .   (helmet restricted)
rElec   .          Harm     .   x - +0 cloak
rCorr   .          Rampage  .   (no gloves)
Will    .....                   (no boots)
Stlth   ..........              (no amulet)
HPRegen 0.23/turn               v - +4 ring of evasion
MPRegen 0.12/turn               (no ring)

@: no status effects
A: horns 2, retaliatory headbutt
a: Renounce Religion, Heroism


You were on level 7 of the Dungeon.
You worshipped Okawaru.
Okawaru was pleased with you.
You visited 1 branch of the dungeon, and saw 7 of its levels.

You collected 206 gold pieces.

Inventory:

Hand Weapons
 a - a +0 war axe (weapon)
Armour
 f - a +0 chain mail (worn)
 m - a +0 kite shield (worn)
 x - a +0 cloak (worn)
Jewellery
 v - a +4 ring of evasion (left hand)
 z - an amulet of faith
Wands
 r - a wand of flame (11)
 w - a wand of acid (5)
Scrolls
 c - 3 scrolls of teleportation {unknown}
 i - 3 scrolls of noise {unknown}
 j - a scroll of immolation {unknown}
 k - a scroll of torment {unknown}
 l - a scroll of vulnerability {unknown}
 n - 2 scrolls of enchant armour {unknown}
 o - a scroll of magic mapping {unknown}
 q - a scroll of summoning {unknown}
 s - a scroll of fear {unknown}
 t - a scroll of enchant weapon {unknown}
 y - a scroll of identify
 A - a scroll of brand weapon {unknown}
Potions
 b - a potion of brilliance
 d - a potion of might
 e - 2 potions of invisibility
 g - 5 potions of curing
 h - 2 potions of haste
 p - 3 potions of flight
 u - a potion of heal wounds


   Skills:
 + Level 7.7 Fighting
 + Level 7.2 Axes
 + Level 7.7 Armour
 + Level 7.8 Shields
 + Level 3.4 Invocations


You had 8 spell levels left.
You didn't know any spells.
Your spell library contained the following spells:

 Spells                   Type           Power      Damage    Failure   Level
 Foxfire                  Conj/Fire      0%         2x1d4     100%        1
 Slow                     Hex            0%         N/A       100%        1
 Ensorcelled Hibernation  Hex/Ice        0%         N/A       100%        2
 Passwall                 Tmut/Erth      0%         N/A       100%        2
 Confusing Touch          Hex            0%         N/A       100%        3
 Conjure Flame            Conj/Fire      0%         6-21      100%        3
 Ignite Poison            Fire/Tmut/Pois 0%         N/A       100%        3
 Inner Flame              Hex/Fire       0%         N/A       100%        3
 Mephitic Cloud           Conj/Pois/Air  0%         N/A       100%        3
 Swiftness                Air            0%         N/A       100%        3
 Vampiric Draining        Necr           0%         2d6       100%        3
 Flame Wave               Conj/Fire      0%         2d4       100%        4
 Freezing Cloud           Conj/Ice/Air   0%         6-21      100%        5


Dungeon Overview and Level Annotations

Branches:
Dungeon (7/15)             Temple (0/1) D:5

Altars:
Elyvilon
Fedhas
Nemelex Xobeh
Okawaru
Sif Muna
Trog
Vehumet
Zin

Shops:
D:4 :


Innate Abilities, Weirdness & Mutations

You have a pair of horns on your head.
You reflexively headbutt those who attack you in melee.


Message History

You barely miss the electric eel.
The electric eel shoots out a bolt of lightning at you!
The bolt of electricity hits you!
You barely miss the electric eel.
The electric eel shoots out a bolt of lightning at you!
The bolt of electricity hits you!
Your unstable footing causes you to fumble your attack.
You closely miss the electric eel. You headbutt the electric eel.
The electric eel is lightly wounded.
The electric eel shoots out a bolt of lightning at you!
The bolt of electricity hits you!
* * * LOW HITPOINT WARNING * * *
Your unstable footing causes you to fumble your attack.
The electric eel shoots out a bolt of lightning at you!
The bolt of electricity hits you.
* * * LOW HITPOINT WARNING * * *
Your unstable footing causes you to fumble your attack.
The electric eel shoots out a bolt of lightning at you!
The bolt of electricity misses you.
Your unstable footing causes you to fumble your attack.
You closely miss the electric eel.
The electric eel is lightly wounded.
The electric eel shoots out a bolt of lightning at you!
The bolt of electricity hits you!
* * * LOW HITPOINT WARNING * * *
You barely miss the electric eel.
The electric eel is lightly wounded.
The electric eel shoots out a bolt of lightning at you!
The bolt of electricity misses you.
You miss the electric eel.
You headbutt the electric eel, but do no damage.
The electric eel is lightly wounded.
You closely miss the electric eel.
The electric eel is lightly wounded.
The electric eel shoots out a bolt of lightning at you!
The bolt of electricity hits you.
* * * LOW HITPOINT WARNING * * *
The electric eel shoots out a bolt of lightning at you!
The bolt of electricity hits you!
You die...

#.## #.#♣♣♣♣♣♣##
##.~~~~~~~~###
##..~~~~~~~~~~♣♣
#..#♣~~~≈~~~~P~♣♣~
##.#P~~~~~~~≈~~P~~~
##..~~~P~P~~S~~~~~~~
#...~.~~~~~~~~~~~~P~
#....~....~~@.~~~~~~
#..........).......#
##~~~P~..~..........
#♣♣♣~~~~~~~.~~.!..#
♣♣~~~PP~~~~♣##.#
♣P~P♣♣PP~♣# #
#♣♣♣♣♣♣♣♣#


You could see an electric eel.

Vanquished Creatures
  A steam dragon (D:7)
  Menkaure (D:4)
  2 black bears
  2 ice beasts
  2 sky beasts (D:6)
  4 ogres
  A phantom (D:5)
  A scorpion (D:5)
  5 wights (D:6)
  2 hounds
  A jelly (D:4)
  An orc priest (D:6)
  Crazy Yiuf (D:5)
  5 orc wizards
  6 iguanas
  A gnoll (D:5)
  6 adders
  A worm (D:5)
  4 dart slugs
  23 orcs
  14 endoplasms
  A giant cockroach (D:1)
  6 goblins
  13 hobgoblins
  5 jackals (D:1)
  6 quokkas
  11 ball pythons
  2 bats
  2 frilled lizards (D:3)
  7 kobolds
  9 rats
  2 bushes (D:3)
148 creatures vanquished.

Vanquished Creatures (others)
  2 plants (D:7)
2 creatures vanquished.

Grand Total: 150 creatures vanquished

Notes
Turn   | Place    | Note
-------+----------+-------------------------------------------
     0 | D:1      | Kornephoros the Minotaur Fighter began the quest for the
                  | Orb.
     0 | D:1      | Reached XP level 1. HP: 19/19 MP: 0/0
    96 | D:1      | Reached XP level 2. HP: 21/27 MP: 1/1
   267 | D:1      | Found a faded altar of an unknown god.
   396 | D:1      | Reached XP level 3. HP: 22/33 MP: 2/2
   828 | D:2      | Found a glowing silver altar of Zin.
  1182 | D:2      | Reached XP level 4. HP: 40/40 MP: 3/3
  1538 | D:3      | Found a white marble altar of Elyvilon.
  1953 | D:3      | Reached XP level 5. HP: 9/47 MP: 4/4
  2852 | D:4      | Noticed an ice beast
  3156 | D:4      | Noticed a black bear
  3168 | D:4      | Killed a black bear
  3169 | D:4      | Reached skill level 5 in Fighting
  3169 | D:4      | Reached skill level 5 in Armour
  3169 | D:4      | Reached skill level 5 in Shields
  3174 | D:4      | Reached XP level 6. HP: 46/56 MP: 5/5
  3431 | D:4      | Found Ygoduumu's Book Boutique.
  3802 | D:4      | Found an iron altar of Okawaru.
  3805 | D:4      | Became a worshipper of Warmaster Okawaru
  3816 | D:4      | Found a sparkling altar of Nemelex Xobeh.
  4061 | D:4      | Killed an ice beast
  4204 | D:4      | Noticed Menkaure
  4210 | D:4      | Killed Menkaure
  4210 | D:4      | Reached * piety under Okawaru
  4211 | D:4      | Reached skill level 5 in Axes
  4211 | D:4      | Reached XP level 7. HP: 27/62 MP: 6/6
  4481 | D:4      | Found a glowing silver altar of Zin.
  4720 | D:5      | Entered Level 5 of the Dungeon
  4876 | D:5      | Found a bloodstained altar of Trog.
  5190 | D:5      | Reached ** piety under Okawaru
  5406 | D:5      | Found a staircase to the Ecumenical Temple.
  5521 | D:5      | Found a runed translucent door.
  5522 | D:5      | Noticed Crazy Yiuf
  5530 | D:5      | Killed Crazy Yiuf
  5531 | D:5      | Reached skill level 1 in Invocations
  5673 | D:5      | Reached XP level 8. HP: 65/71 MP: 7/7
  6136 | D:6      | Found a radiant altar of Vehumet.
  6208 | D:6      | Found a blossoming altar of Fedhas.
  6333 | D:6      | Found a shimmering blue altar of Sif Muna.
  7689 | D:6      | Reached XP level 9. HP: 74/79 MP: 10/10
  8096 | D:7      | Reached *** piety under Okawaru
  8807 | D:7      | Killed from afar by an electric eel

Illustrated notes

Levels and vault maps discovered:
D:1:      minmay_arrival_semitransparent, layout_rooms,
          ebering_ecumenical_altar_box
D:2:      layout_loops_ring, basic_altar, st_stairs_9
D:3:      layout_loops_corners, elyvilon_altar_1, chequers_arboretum,
          serial_park_tiny_pond
D:4:      layout_layer_cave, lemuel_coloured_pillars_altar,
          mainiacjoe_overflow_swirl, serial_shops, nicolae_take_the_stairs,
          minmay_misc_feat_rugged, minmay_distorted, uniq_menkaure
D:5:      layout_loops_corners, trog_antimagical, temple_green,
          uniq_crazy_yiuf_cottage
D:6:      layout_layer_cave, lemuel_round_altar, fiery_altar_vehumet,
          mainiacjoe_overflow_brackets, hellmonk_bongcloud_opening,
          chequers_serial_rivers_marsh, corner_web_ring, minmay_misc_feat_square
D:7:      minmay_bubble_buster, layout_loops_cross, serial_bayou_ford_a

Skill      XL: |  1  2  3  4  5  6  7  8 |
---------------+-------------------------+-----
Shields        | 4 5 6 7 |  7.8
Armour         | 4 5 6 7 |  7.7
Fighting       | 4 5 6 7 |  7.7
Axes           | 3 4 5 7 |  7.2
Invocations    | 1 3 |  3.4

Action                   |  1- 3 |  4- 6 |  7- 9 || total
-------------------------+-------+-------+-------++-------
Melee: War axe           |    87 |   176 |   182 ||   445
       Headbutt          |    12 |    35 |    39 ||    86
  Use: Scroll            |       |     6 |       ||     6
Armor: Scale mail        |     6 |       |       ||     6
       Chain mail        |    29 |    76 |    62 ||   167
Dodge: Dodged            |    37 |    48 |    59 ||   144
Block: Buckler           |    13 |    10 |       ||    23
       Kite shield       |       |    24 |    62 ||    86
